 Dungeon Sprint DCSS version 0.30-a0-414-gcb316572d5 (webtiles) character file.

Game seed: 1406240934847575883

50 boopmooplesden the Cleaver (level 6, -8/66 HPs)
             Began as a Minotaur Berserker on Dec 7, 2022.
             Was an Elder of Trog.
             Mangled by a naga warrior
             ... wielding a +0 short sword
              (9 damage)
             ... in the Dungeon (Sprint VI: "Thunderdome").
             The game lasted 00:01:29 (261 turns).

boopmooplesden the Cleaver (Minotaur Berserker)      Turns: 261, Time: 00:01:30

Health: -8/66      AC: 12    Str: 23    XL:     6   Next: 22%
Magic:  14/14      EV:  9    Int:  4    God:    Trog [****..]
Gold:   91         SH:  0    Dex: 15    Spells: 5/5 levels left

rFire   . . .      SeeInvis .    a - +0 hand axe
rCold   + . .      Faith    .    (no shield)
rNeg    . . .      Spirit   .    r - +0 scale mail
rPois   .          Reflect  .    (helmet restricted)
rElec   .          Harm     .    p - +0 cloak
rCorr   .          Rampage  .    (no gloves)
Will    ++...      NoTele   +    (no boots)
Stlth   +.........               o - amulet of Kukhan {Acrobat Will+ Dex+5}
HPRegen 0.31/turn                n - ring "Susok" {rC+ MP+9 AC+4}
MPRegen 0.14/turn                m - ring of the Rose {Will+ Stlth+}

@: lethally poisoned (-8 -> -11), on berserk cooldown, slowed, constricted, very
slow
A: horns 2, retaliatory headbutt
a: Renounce Religion, Berserk, Trog's Hand, Brothers in Arms


You were in the Dungeon.
You worshipped Trog.
Trog was greatly pleased with you.
You visited 1 branch You collected 280 gold pieces.
You spent 189 gold pieces at shops.

Inventory:

Hand Weapons
 a - a +0 hand axe (weapon)
Armour
 b - a +0 animal skin
 p - a +0 cloak (worn)
 r - a +0 scale mail (worn)
Jewellery
 m - the ring of the Rose (right hand) {Will+ Stlth+}
   (You bought it in a shop in the Dungeon)

   [ring of willpower]

   Will:      It increases your willpower.
   Stlth:     It makes you more stealthy.
 n - the ring "Susok" (left hand) {rC+ MP+9 AC+4}
   (You bought it in a shop in the Dungeon)

   [ring of protection]

   AC:        It affects your AC (+4).
   rC:        It protects you from cold.
   MP:        It affects your magic capacity (+9).
 o - the amulet of Kukhan (around neck) {Acrobat Will+ Dex+5}
   (You bought it in a shop in the Dungeon)

   [amulet of the acrobat]

   It increases your evasion while moving and waiting.
   Dex:       It affects your dexterity (+5).
   Will:      It increases your willpower.
Wands
 j - a wand of light (5)
 k - a wand of roots (5)
 q - a wand of digging (6)
Scrolls
 h - 4 scrolls of blinking
 l - 3 scrolls of fog
Potions
 c - a potion of curing
 d - 3 potions of heal wounds
 e - 4 potions of haste
 f - 2 potions of magic
 g - a potion of berserk rage
 i - a potion of resistance


   Skills:
 + Level 10.1 Fighting
 + Level 10.6 Axes
 + Level 5.5 Armour
 + Level 5.8 Dodging


You had 5 spell levels left.
You didn't know any spells.
Your spell library was empty.

Dungeon Overview and Level Annotations

Branches:
Dungeon (1/1)

Altars:
Cheibriados
Dithmenos
Fedhas
Gozag
Kikubaaqudgha
Makhleb
Okawaru
Qazlal
Ru
Sif Muna
Trog
Uskayaw
Vehumet
Wu Jian
Xom
Yredelemnul
Zin
The Shining One
Lugonu

Shops:
D *[??*?*:[((!!!!


Innate Abilities, Weirdness & Mutations

You have a pair of horns on your head.
You reflexively headbutt those who attack you in melee.


Message History

You kill the adder!
Trog accepts your kill.
You feel a strong urge to attack something.
You slash the naga warrior!
The naga warrior is lightly wounded.
You hit the naga warrior but do no damage.
The naga warrior is lightly wounded.
The naga warrior hits you but does no damage.
The naga warrior grabs you. The naga warrior constricts you.
You slash the naga warrior!
The naga warrior is lightly wounded.
You slash the naga warrior!
The naga warrior is moderately wounded.
The naga warrior hits you with a +0 short sword!!
* * * LOW HITPOINT WARNING * * *
The naga warrior constricts you.
* * * LOW HITPOINT WARNING * * *
You slash the naga warrior!
The naga warrior is heavily wounded.
The naga warrior spits poison at you. The splash of poison hits you!
You are poisoned.
* * * LOW HITPOINT WARNING * * *
The naga warrior constricts you.
* * * LOW HITPOINT WARNING * * *
You slash the naga warrior! You headbutt the naga warrior!
The naga warrior is severely wounded.
* * * LOW HITPOINT WARNING * * *
You feel sick.
You hit the naga warrior.
The naga warrior is severely wounded.
* * * LOW HITPOINT WARNING * * *
You feel sick.
You slash the naga warrior! You headbutt the naga warrior!
The naga warrior is almost dead.
You are no longer berserk.
You are exhausted.
You feel yourself slow down.
The naga warrior hits you with a +0 short sword!
You die...

#†...........⌠#
######.8.........8.######
##.___......###......___∩##
###∩....[N..8.# #.8........∩#
##.............###............
#⌠..........###...###.........
#⌠......)...# #.<.# #.........
#⌠..........###...###.........
##.....)....N@.###............
###∩....)...8.# #.8........∩#
##∩___......###......___∩##
######.8.........8.######
#⌠...........⌠#
###.........### #........_#
#_......._# #........_#


You could see a naga warrior (catching breath).

Vanquished Creatures
  Sigmund (D)
  An ogre (D)
  Terence (D)
  An orc wizard (D)
  2 adders (D)
  2 worms (D)
  A hobgoblin (D)
  A ball python (D)
  A bat (D)
  A rat (D)
12 creatures vanquished.

Notes
Turn   | Place    | Note
-------+----------+-------------------------------------------
     0 | D        | boopmooplesden the Minotaur Berserker began the quest for
                  | the Orb.
     0 | D        | Reached XP level 1. HP: 19/19 MP: 0/0
     3 | D        | Found a hide-covered altar of Uskayaw.
     3 | D        | Found a basalt altar of Yredelemnul.
     4 | D        | Found a stormy altar of Qazlal.
     5 | D        | Found a shimmering altar of Xom.
     5 | D        | Found a shimmering blue altar of Sif Muna.
     5 | D        | Round 1.
     6 | D        | Found an opulent altar of Gozag.
     6 | D        | Found a glowing golden altar of the Shining One.
     6 | D        | Found Virchud's Identification Station.
     7 | D        | Found Pycvur's Jewellery.
     7 | D        | Found Vyxet's Advanced Armour.
    15 | D        | Bought a faintly glowing lapis lazuli ring for 45 gold
                  | pieces
    15 | D        | Identified the ring of the Rose {Will+ Stlth+} (You bought
                  | it in a shop in the Dungeon)
    15 | D        | Bought a glittering marble ring for 45 gold pieces
    15 | D        | Identified the ring "Susok" {rC+ MP+9 AC+4} (You bought it
                  | in a shop in the Dungeon)
    15 | D        | Bought a brightly glowing tin amulet for 45 gold pieces
    15 | D        | Identified the amulet of Kukhan {Acrobat Will+ Dex+5} (You
                  | bought it in a shop in the Dungeon)
    26 | D        | Found a glowing silver altar of Zin.
    29 | D        | Found Xoseof's Premium Goods.
    30 | D        | Found a sacrificial altar of Ru.
    30 | D        | Found a bloodstained altar of Trog.
    30 | D        | Found a snail-covered altar of Cheibriados.
    30 | D        | Found Cenewy's Weapon Rack.
    30 | D        | Found Awogh's Miscellaneous Merchandise.
    30 | D        | Found Kowuolaz's Basic Armour.
    34 | D        | Found an iron altar of Okawaru.
    38 | D        | Bought a +0 cloak for 54 gold pieces
    47 | D        | Found a burning altar of Makhleb.
    48 | D        | Found a corrupted altar of Lugonu.
    49 | D        | Found Yguejiu's Do-It-Yourself Clinic.
    51 | D        | Found Ennyeweyxt's Bottled Wisdom.
    51 | D        | Found Jypsougg's Distillery.
    51 | D        | Found a blossoming altar of Fedhas.
    51 | D        | Found an ancient bone altar of Kikubaaqudgha.
    51 | D        | Found a shadowy altar of Dithmenos.
    51 | D        | Found Sigaelam's Distillery.
    55 | D        | Found a radiant altar of Vehumet.
    57 | D        | Found an ornate altar of the Wu Jian Council.
    59 | D        | Found Raiveo's Staff Store.
    60 | D        | Found Tyrruu Leum's Must-Have Magic.
    60 | D        | Found Vufra's Magic Scroll Shop.
    61 | D        | Found Wonilu's Magic Scroll Shop.
    67 | D        | Noticed an orc wizard
    75 | D        | Killed an orc wizard
    75 | D        | Reached ** piety under Trog
    76 | D        | Reached skill level 5 in Fighting
    76 | D        | Reached skill level 5 in Axes
    76 | D        | Reached XP level 2. HP: 27/30 MP: 1/1
    87 | D        | Reached XP level 3. HP: 25/37 MP: 2/2
   102 | D        | Reached *** piety under Trog
   102 | D        | Arena points: 14 (+14) [x2]
   174 | D        | Round 2.
   176 | D        | Noticed Sigmund
   176 | D        | Noticed Terence
   176 | D        | Noticed an ogre
   187 | D        | Killed an ogre
   187 | D        | Killed Terence
   188 | D        | Reached XP level 4. HP: 31/49 MP: 3/3
   188 | D        | Reached XP level 5. HP: 35/55 MP: 4/4
   206 | D        | Killed Sigmund
   206 | D        | Reached **** piety under Trog
   206 | D        | Arena points: 50 (+36) [x3]
   207 | D        | Reached skill level 10 in Fighting
   207 | D        | Reached skill level 10 in Axes
   207 | D        | Reached skill level 5 in Armour
   207 | D        | Reached skill level 5 in Dodging
   207 | D        | Reached XP level 6. HP: 17/66 MP: 5/5
   236 | D        | Round 3.
   238 | D        | Noticed a naga warrior
   258 | D        | HP: 4/99 [constriction (1)]
   261 | D        | Mangled by a naga warrior

Illustrated notes

Levels and vault maps discovered:
D:        arena_sprint

Skill      XL: |  1  2  3  4  5 |
---------------+----------------+-----
Fighting       | 5 8 10 | 10.1
Axes           | 5 8 10 | 10.6
Armour         | 3 4 5 |  5.5
Dodging        | 3 4 5 |  5.8

Action                   |  1- 3 |  4- 6 || total
-------------------------+-------+-------++-------
Melee: Hand axe          |    17 |    27 ||    44
       Headbutt          |     4 |     2 ||     6
Invok: Berserk           |     2 |     1 ||     3
  Use: Potion            |       |     1 ||     1
Armor: Animal skin       |     6 |     7 ||    13
       Scale mail        |       |     2 ||     2
Dodge: Dodged            |    13 |     2 ||    15

Table legend: (Time is in decaauts)
 A = Elapsed time spent in this place.
 B = Non-inter-level travel time spent in this place.
 C = Inter-level travel time spent in this place.
 D = Time resting spent in this place.
 E = Time spent auto-exploring this place.
 F = Levels seen in this place.
 G = Mean time per level.
                   A        B        C        D        E       F      G
               +--------+--------+--------+--------+--------+-----+--------+
         Total |    271 |    271 |      0 |     67 |      0 |   1 |  271.0 |
       Dungeon |    271 |    271 |      0 |     67 |      0 |   1 |  271.0 |
               +--------+--------+--------+--------+--------+-----+--------+

Top non-repeatable levels by time:
       D: 271 daAuts
